 Dungeon Crawl Stone Soup version 0.31-a0-152-g6aa68a64a1 (webtiles) character file.

Game seed: 2501605502198403706

11017 qw the Marksminotaur (level 11, -1/99 HPs)
             Began as a Minotaur Hunter on June 9, 2023.
             Was a Priest of Okawaru.
             Slain by a death yak (35 damage)
             ... on level 2 of the Lair of Beasts.
             The game lasted 00:03:23 (8885 turns).

qw the Marksminotaur (Minotaur Hunter)              Turns: 8885, Time: 00:03:23

Health: -1/99      AC: 13    Str: 20    XL:     11   Next: 43%
Magic:  9/11       EV: 17    Int:  5    God:    Okawaru [***...]
Gold:   334        SH:  0    Dex: 17    Spells: 10/10 levels left

rFire   . . .        Y - +7 longbow (chaos)
rCold   . . .        (shield currently unavailable)
rNeg    . . .        n - +3 ring mail {rPois}
rPois   +            b - +1 hat
rElec   .            q - scarf {repulsion}
rCorr   .            h - +1 pair of gloves
SInv    .            (no boots)
Will    .....        p - amulet of the acrobat
Stlth   +++          m - +4 ring of slaying {mikee}
HPRegen 0.36/turn    (no ring)
MPRegen 0.12/turn

%: repel missiles, acrobat
@: about to teleport, heroic
A: horns 2, retaliatory headbutt, low MP 1, screaming 1, strong 1
a: Renounce Religion, Heroism


You were on level 2 of the Lair of Beasts.
You worshipped Okawaru.
Okawaru was most pleased with you.
You visited 3 branches of the dungeon, and saw 11 of its levels.
You also visited: Sewer.

You collected 547 gold pieces.
You spent 213 gold pieces at shops.


Innate Abilities, Weirdness & Mutations

You have a pair of horns on your head.
You reflexively headbutt those who attack you in melee.
Your magical capacity is low. (-10% MP)
You occasionally shout uncontrollably at your foes.
Your muscles are strong. (Str +4, Int/Dex -1)


   Skills:
 - Level 10.0(15.0) Fighting
 + Level 15.9(20.9) Ranged Weapons
 - Level 4.1(9.1) Armour
 - Level 6.4(11.4) Dodging
 - Level 0.7(5.7) Stealth
 - Level 4.0 Invocations


You had 10 spell levels left.
You didn't know any spells.
Your spell library was empty.

Inventory:

Hand Weapons
 Y - a +7 longbow of chaos (weapon)
Armour
 b - a +1 hat (worn)
 h - a +1 pair of gloves (worn)
 n - a +3 ring mail of poison resistance (worn)
 q - a scarf of repulsion (worn)
Jewellery
 m - a +4 ring of slaying (left hand) {mikee}
 p - an amulet of the acrobat (around neck)
Scrolls
 g - a scroll of identify
 l - 2 scrolls of teleportation
Potions
 a - a potion of resistance
 d - 3 potions of mutation
 e - a potion of magic
 i - 3 potions of haste
 j - 6 potions of curing
 o - a potion of degeneration {unknown}
 r - a potion of lignification {unknown}
 u - a potion of attraction {unknown}

Dungeon Overview and Level Annotations

Branches:
Dungeon (8/15)             Temple (1/1) D:5            Lair (2/5) D:8
  Sewer (visited)
  Swamp: Lair:2-3    Shoals: Lair:2-3     Snake: Lair:2-3    Spider: Lair:2-3

Altars:
Ashenzari
Dithmenos
Elyvilon
Fedhas
Gozag
Hepliaklqana
Okawaru
Qazlal
Sif Muna
Trog
Uskayaw
Vehumet
Wu Jian
Xom
Yredelemnul
Zin
The Shining One
Lugonu

Shops:
D:3 (   D:5 =*:   D:7 *

Annotations:
D:6 1 runed translucent door, Crazy Yiuf
D:7 3 runed translucent doors, qw's ghost, novice MiHu


Message History

A water moccasin comes into view.
The hell rat bites you!
8879 ||| INVOKING Heroism.
You gain the combat prowess of a mighty hero.
The death yak misses you. The hell rat misses you.
You shoot an arrow. The arrow hits the death yak!!
You kill the death yak!
Okawaru is honoured by your kill.
Okawaru will now gift you throwing weapons as you gain piety.
The hell rat misses you. You furiously retaliate!
You headbutt the hell rat!
You kill the hell rat!
Okawaru accepts your kill.
You shoot an arrow. The arrow hits the death yak!!
The death yak suddenly seems more resistant.
The death yak is moderately wounded.
The hell rat misses you. The hell rat completely misses you.
The death yak barely misses you. You furiously retaliate!
You headbutt the death yak. You shoot an arrow. The arrow hits the death yak!!
The death yak goes berserk!
The death yak is severely wounded.
The hell rat misses you. The death yak gores you!!
The hell rat bites you but does no damage.
You shoot an arrow. The arrow hits the death yak!!
You feel better.
The death yak is almost dead.
The death yak gores you!!! The hell rat barely misses you.
You furiously retaliate!
You headbutt the hell rat, but do no damage.
The hell rat barely misses you.
8884 ||| READING 3 scrolls of teleportation.
As you read the scroll of teleportation, it crumbles to dust.
You feel strangely unstable. The hell rat barely misses you.
The death yak gores you. The hell rat closely misses you.
The hell rat barely misses you.
The hell rat bites you but does no damage.
8885 ||| DRINKING potion of heal wounds.
You feel much better. The death yak misses you. The hell rat bites you!
The hell rat closely misses you. The hell rat barely misses you.
You furiously retaliate!
You headbutt the hell rat! The death yak gores you!!
You die...

#......###.#
#...<........
#...........#
##...........#
#.............
#.............
#............P
#......r.%...#
##....@rF....#
#...rrY.....#
#....S......#
#.......$....>
##.###........
## ##.......
.......
....$..


You could see a death yak (berserk, resistant), a water moccasin, a bullfrog and
4 hell rats.

Vanquished Creatures
  2 death yaks (Lair:2)
  2 cane toads (Lair:1)
  7 komodo dragons
  A kobold demonologist (D:7)
  Prince Ribbit (D:5)
  11 yaks (Lair:1)
  3 basilisks (Lair:1)
  Edmund (D:6)
  Duvessa (D:4)
  2 water moccasins
  2 orc warriors
  2 ice beasts
  4 sky beasts
  4 black bears
  4 ogres
  2 centaurs
  4 phantoms
  3 bullfrogs
  7 kobold brigands
  5 scorpions
  Dowan (D:4)
  4 wights (D:8)
  2 electric eels (Lair:1)
  A howler monkey (D:5)
  3 jellies
  9 hounds
  A gnoll bouda (D:7)
  3 orc priests
  13 iguanas
  2 sleepcaps
  5 orc wizards
  A hell rat (Lair:2)
  A mummy (D:7)
  5 gnolls (D:7)
  17 adders
  A river rat (Sewer)
  2 white imps (D:5)
  3 worms
  2 dart slugs
  26 orcs
  8 ball pythons
  8 endoplasms
  7 giant cockroaches
  7 goblins
  11 hobgoblins
  3 jackals (D:5)
  4 quokkas
  6 bats
  23 frilled lizards
  A goblin zombie (D:7)
  A hobgoblin zombie (D:7)
  21 kobolds
  12 rats
282 creatures vanquished.

Vanquished Creatures (others)
  A giant cockroach (D:4)
1 creature vanquished.

Grand Total: 283 creatures vanquished

Notes
Turn   | Place    | Note
-------+----------+-------------------------------------------
     0 | D:1      | qw the Minotaur Hunter began the quest for the Orb.
     0 | D:1      | Reached XP level 1. HP: 18/18 MP: 0/0
     0 | D:1      | 0 ||| qw: Version: 0.2-a-121-gba3a3e5
     0 | D:1      | 0 ||| qw: Game counter: 3194
     0 | D:1      | 0 ||| qw: Always use a shield: true
     0 | D:1      | 0 ||| qw: God list: Okawaru
     0 | D:1      | 0 ||| qw: Allow faded altars: false
     0 | D:1      | 0 ||| qw: Do Orc after D:15 true
     0 | D:1      | 0 ||| qw: Do second Lair branch before Depths: true
     0 | D:1      | 0 ||| qw: Lair rune preference: random
     0 | D:1      | 0 ||| qw: Plans: Normal
     0 | D:1      | 0 ||| PLANNING D:1-11
   115 | D:1      | Reached XP level 2. HP: 25/25 MP: 1/1
   120 | D:1      | Reached skill level 5 in Ranged Weapons
   299 | D:1      | Reached skill level 3 in Fighting
   470 | D:1      | Found a faded altar of an unknown god.
   796 | D:1      | 796 ||| UPGRADING to +0 ring mail.
   806 | D:1      | 806 ||| DROPPING +0 leather armour.
   807 | D:1      | 807 ||| UPGRADING to +1 pair of gloves.
   812 | D:1      | 812 ||| READING scroll labelled NIARA TOANUOFI.
   813 | D:1      | 813 ||| READING scroll labelled WUSSOI LEWK.
   814 | D:1      | 814 ||| DRINKING 3 dark potions.
   815 | D:1      | 815 ||| DROPPING scroll of butterflies.
   922 | D:2      | Reached XP level 3. HP: 31/31 MP: 2/2
   943 | D:2      | Reached skill level 1 in Armour
  1379 | D:2      | Reached XP level 4. HP: 35/38 MP: 3/3
  1699 | D:2      | 1699 ||| READING scroll labelled TUTZIE GIALULA.
  1700 | D:2      | 1700 ||| READING scroll labelled XAFAMI SEDAYW.
  1703 | D:2      | 1703 ||| READING scroll labelled ONLEBO ZESM.
  1704 | D:2      | 1704 ||| READING 2 scrolls of identify.
  1704 | D:2      | 1704 ||| IDENTIFYING blue potion
  1705 | D:2      | 1705 ||| DROPPING potion of magic.
  1833 | D:3      | 1833 ||| READING scroll of enchant weapon.
  1833 | D:3      | 1833 ||| ENCHANTING +1 shortbow.
  1947 | D:3      | Found Denal's Antique Weapon Shoppe.
  1971 | D:3      | 1971 ||| UPGRADING to +1 hat.
  2106 | D:3      | Reached skill level 6 in Ranged Weapons
  2271 | D:3      | 2271 ||| READING scroll of enchant weapon.
  2271 | D:3      | 2271 ||| ENCHANTING +2 shortbow.
  2502 | D:3      | 2502 ||| READING scroll labelled IDINA CIHIE.
  2503 | D:3      | 2503 ||| READING scroll labelled EWULLO MUMYID.
  2504 | D:3      | 2504 ||| READING 3 scrolls of identify.
  2504 | D:3      | 2504 ||| IDENTIFYING fuming grey potion
  2505 | D:3      | 2505 ||| READING 2 scrolls of identify.
  2505 | D:3      | 2505 ||| IDENTIFYING silvery potion
  2536 | D:4      | 2536 ||| PLANNING SEWER
  2536 | D:4      | Found a glowing drain.
  2572 | D:4      | Reached XP level 5. HP: 46/46 MP: 4/4
  2604 | D:4      | Noticed an ogre
  2608 | D:4      | Killed an ogre
  2650 | D:4      | Noticed a black bear
  2657 | D:4      | Killed a black bear
  2658 | D:4      | Reached skill level 7 in Ranged Weapons
  2658 | D:4      | Reached XP level 6. HP: 52/52 MP: 5/5
  2858 | D:4      | Reached skill level 8 in Ranged Weapons
  3019 | D:4      | 3019 ||| UPGRADING to +4 ring of slaying {mikee}.
  3019 | D:4      | Noticed Duvessa
  3020 | D:4      | 3020 ||| READING scroll labelled YMEXOH AM LIXI.
  3020 | D:4      | Identified a scroll of acquirement
  3020 | D:4      | 3020 ||| ACQUIRING +4 longbow of draining
  3020 | D:4      | Acquired a +4 longbow of draining
  3022 | D:4      | 3022 ||| SWAPPING to +4 longbow of draining.
  3023 | D:4      | 3023 ||| DROPPING +3 shortbow of draining.
  3024 | D:4      | 3024 ||| READING 3 scrolls of identify.
  3024 | D:4      | 3024 ||| IDENTIFYING clear potion
  3025 | D:4      | 3025 ||| READING 2 scrolls of identify.
  3025 | D:4      | 3025 ||| IDENTIFYING fizzy black potion
  3026 | D:4      | 3026 ||| DROPPING potion of invisibility.
  3029 | D:4      | Killed Duvessa
  3030 | D:4      | Reached XP level 7. HP: 61/61 MP: 6/6
  3039 | Sewer    | Entered a sewer
  3060 | Sewer    | 3060 ||| Stepping ~*~*~tactically~*~*~ (water).
  3065 | Sewer    | HP: 10/61 [poisoned by a kobold brigand (curare-tipped
                  | dart)]
  3066 | Sewer    | Reached skill level 3 in Dodging
  3069 | Sewer    | HP: 4/61 [poisoned by a kobold brigand (curare-tipped
                  | dart)]
  3430 | Sewer    | HP: 13/61 [poisoned by a kobold brigand (curare-tipped
                  | dart)]
  3431 | Sewer    | Reached skill level 9 in Ranged Weapons
  3434 | Sewer    | HP: 6/61 [poisoned by a kobold brigand (curare-tipped
                  | dart)]
  3624 | Sewer    | 3624 ||| Stepping ~*~*~tactically~*~*~ (water).
  3657 | Sewer    | 3657 ||| Stepping ~*~*~tactically~*~*~ (water).
  3675 | Sewer    | 3675 ||| Stepping ~*~*~tactically~*~*~ (water).
  3716 | Sewer    | Reached skill level 6 in Fighting
  3869 | Sewer    | Reached XP level 8. HP: 69/70 MP: 7/7
  3956 | Sewer    | 3956 ||| READING scroll labelled LAIGGETHRAUJY.
  3957 | Sewer    | 3957 ||| READING scroll labelled ZYIPLI TAMEAXI.
  3980 | D:4      | 3980 ||| PLANNING D:1-11
  3987 | D:4      | Noticed Dowan
  3992 | D:4      | Killed Dowan
  4143 | D:4      | Found a glowing golden altar of the Shining One.
  4146 | D:4      | Noticed an angel
  4199 | D:4      | Found a basalt altar of Yredelemnul.
  4201 | D:4      | Noticed a profane servitor
  4289 | D:5      | Entered Level 5 of the Dungeon
  4289 | D:5      | Found Xips's Book Shop.
  4289 | D:5      | Found Oklimesi's Assorted Antiques.
  4289 | D:5      | Found Guitischo's Jewellery Shop.
  4387 | D:5      | Reached skill level 10 in Ranged Weapons
  4572 | D:5      | Reached skill level 11 in Ranged Weapons
  4775 | D:5      | Found a staircase to the Ecumenical Temple.
  4776 | D:5      | 4776 ||| PLANNING TEMPLE
  4782 | Temple   | Entered the Ecumenical Temple
  4791 | Temple   | 4791 ||| PLANNING OKAWARU WORSHIP
  4827 | Temple   | Became a worshipper of Warmaster Okawaru
  4827 | Temple   | 4827 ||| PLANNING D:1-11
  4866 | D:5      | 4866 ||| BUYING glowing ring mail (189 gold).
  4866 | D:5      | Bought a glowing ring mail for 189 gold pieces
  4866 | D:5      | 4866 ||| SHOPLISTING ivory wand (108 gold, have 59).
  4866 | D:5      | 4866 ||| SHOPLISTING potion of curing (81 gold, have 59).
  4866 | D:5      | 4866 ||| SHOPLISTING scroll of teleportation (81 gold, have
                  | 59).
  4866 | D:5      | 4866 ||| BUYING sedimented brown potion (24 gold).
  4866 | D:5      | Bought a sedimented brown potion for 24 gold pieces
  4945 | D:5      | Reached XP level 9. HP: 73/79 MP: 8/8
  5129 | D:5      | 5129 ||| UPGRADING to +3 ring mail of poison resistance.
  5139 | D:5      | 5139 ||| DROPPING +0 ring mail.
  5140 | D:5      | 5140 ||| UPGRADING to amulet of the acrobat.
  5203 | D:6      | Noticed Prince Ribbit
  5214 | D:6      | 5214 ||| STAIRDANCE
  5216 | D:5      | Killed Prince Ribbit
  5247 | D:6      | Noticed Edmund
  5250 | D:6      | Killed Edmund
  5304 | D:6      | Found an opulent altar of Gozag.
  5314 | D:6      | Reached * piety under Okawaru
  5315 | D:6      | Reached skill level 12 in Ranged Weapons
  5318 | D:6      | 5318 ||| Stepping ~*~*~tactically~*~*~ (outnumbered).
  5387 | D:6      | Reached skill level 1 in Invocations
  5554 | D:6      | Identified the +5 dagger of Eternal Harmony {flame, rPois
                  | Dex+2}
  5582 | D:6      | 5582 ||| INVOKING Heroism.
  5605 | D:6      | 5605 ||| DROPPING ring of wizardry.
  5613 | D:6      | 5613 ||| INVOKING Heroism.
  5632 | D:5      | 5632 ||| SHOPLISTING +4 ring of slaying (1092 gold, have
                  | 83).
  5632 | D:5      | 5632 ||| SHOPLISTING +6 ring of dexterity (504 gold, have
                  | 83).
  5632 | D:5      | 5632 ||| SHOPLISTING ring of ice (350 gold, have 83).
  5632 | D:5      | 5632 ||| SHOPLISTING ring of resist corrosion (280 gold,
                  | have 83).
  5724 | D:6      | Found a blossoming altar of Fedhas.
  5732 | D:6      | 5732 ||| DRINKING 5 potions of curing.
  5732 | D:6      | 5732 ||| (to cure confusion)
  5733 | D:6      | 5733 ||| Stepping ~*~*~tactically~*~*~ (outnumbered).
  5880 | D:6      | Found a runed translucent door.
  5881 | D:6      | Noticed Crazy Yiuf
  6036 | D:6      | 6036 ||| READING scroll labelled YHIECW DUCK.
  6037 | D:6      | 6037 ||| DRINKING 2 murky black potions.
  6037 | D:6      | Gained mutation: You occasionally shout uncontrollably at
                  | your foes. [potion of mutation]
  6037 | D:6      | Gained mutation: Your magical capacity is low. (-10% MP)
                  | [potion of mutation]
  6037 | D:6      | Gained mutation: Your muscles are strong. (Str +4, Int/Dex
                  | -1) [potion of mutation]
  6074 | D:7      | Found Muyqops's Overcharged Wands.
  6075 | D:7      | 6075 ||| PLANNING OSSUARY
  6090 | D:7      | Noticed a kobold demonologist
  6094 | D:7      | Killed a kobold demonologist
  6114 | D:7      | 6114 ||| INVOKING Heroism.
  6126 | D:7      | Reached XP level 10. HP: 88/88 MP: 7/9
  6188 | D:7      | Reached skill level 13 in Ranged Weapons
  6220 | D:7      | Found a bloodstained altar of Trog.
  6310 | D:7      | Reached skill level 3 in Invocations
  6421 | D:7      | 6421 ||| INVOKING Heroism.
  6467 | D:7      | Found a shimmering blue altar of Sif Muna.
  6502 | D:7      | Found a shadowy altar of Dithmenos.
  6604 | D:7      | Found a runed translucent gate.
  6604 | D:7      | Found a runed translucent gate.
  6604 | D:7      | Found a runed translucent gate.
  6607 | D:7      | Noticed qw's ghost (novice MiHu)
  6757 | D:7      | 6757 ||| RIP OSSUARY
  6770 | D:7      | 6770 ||| PLANNING D:1-11
  6796 | D:7      | 6796 ||| READING scroll of brand weapon.
  6796 | D:7      | 6796 ||| BRANDING +4 longbow of draining.
  6890 | D:7      | 6890 ||| UPGRADING to scarf of repulsion.
  6932 | D:8      | 6932 ||| INVOKING Heroism.
  6963 | D:8      | Found a broken altar of Ashenzari.
  7030 | D:8      | Reached skill level 9 in Fighting
  7036 | D:8      | Identified the +2 robe of Absence {Str+4 Dex-3}
  7198 | D:8      | 7198 ||| INVOKING Heroism.
  7398 | D:8      | Found a staircase to the Lair.
  7509 | D:8      | 7509 ||| PLANNING LAIR
  7509 | D:8      | 7509 ||| DROPPING +2 robe of Absence {Str+4 Dex-3}.
  7510 | D:8      | 7510 ||| READING scroll labelled TYRCHA MIBITEU.
  7611 | D:8      | 7611 ||| READING 2 scrolls of identify.
  7611 | D:8      | 7611 ||| IDENTIFYING inky potion
  7612 | D:8      | 7612 ||| DROPPING potion of ambrosia.
  7671 | Lair:1   | Entered Level 1 of the Lair of Beasts
  7692 | Lair:1   | Noticed a cane toad
  7693 | Lair:1   | 7693 ||| INVOKING Heroism.
  7699 | Lair:1   | Killed a cane toad
  7710 | Lair:1   | 7710 ||| INVOKING Heroism.
  7710 | Lair:1   | HP: 20/91 [basilisk (4)]
  7711 | Lair:1   | 7711 ||| READING 3 scrolls of teleportation.
  7712 | Lair:1   | 7712 ||| DRINKING 2 potions of heal wounds.
  7717 | Lair:1   | Reached skill level 14 in Ranged Weapons
  7760 | Lair:1   | 7760 ||| INVOKING Heroism.
  7953 | Lair:1   | 7953 ||| READING 3 scrolls of enchant weapon.
  7953 | Lair:1   | 7953 ||| ENCHANTING +4 longbow of chaos.
  7954 | Lair:1   | 7954 ||| READING 2 scrolls of enchant weapon.
  7954 | Lair:1   | 7954 ||| ENCHANTING +5 longbow of chaos.
  7955 | Lair:1   | 7955 ||| READING scroll of enchant weapon.
  7955 | Lair:1   | 7955 ||| ENCHANTING +6 longbow of chaos.
  7973 | Lair:1   | Noticed a cane toad
  7974 | Lair:1   | 7974 ||| INVOKING Heroism.
  7983 | Lair:1   | Killed a cane toad
  7984 | Lair:1   | Reached skill level 6 in Dodging
  8141 | Lair:1   | 8141 ||| INVOKING Heroism.
  8177 | Lair:1   | 8177 ||| INVOKING Heroism.
  8182 | Lair:1   | Reached ** piety under Okawaru
  8196 | Lair:1   | 8196 ||| INVOKING Heroism.
  8250 | Lair:1   | 8250 ||| INVOKING Heroism.
  8251 | Lair:1   | 8251 ||| Stepping ~*~*~tactically~*~*~ (water).
  8256 | Lair:1   | Reached XP level 11. HP: 99/99 MP: 8/11
  8287 | Lair:1   | 8287 ||| INVOKING Heroism.
  8292 | Lair:1   | 8292 ||| Stepping ~*~*~tactically~*~*~ (outnumbered).
  8552 | Lair:1   | Reached skill level 15 in Ranged Weapons
  8823 | Lair:1   | 8823 ||| DROPPING +2 leather armour of poison resistance.
  8824 | Lair:1   | 8824 ||| READING 2 scrolls of identify.
  8824 | Lair:1   | 8824 ||| IDENTIFYING bubbling blue potion
  8825 | Lair:1   | 8825 ||| DROPPING potion of enlightenment.
  8849 | Lair:2   | 8849 ||| INVOKING Heroism.
  8866 | Lair:2   | Noticed a death yak
  8867 | Lair:2   | Noticed a death yak
  8871 | Lair:2   | Noticed a death yak
  8875 | Lair:2   | Killed a death yak
  8879 | Lair:2   | 8879 ||| INVOKING Heroism.
  8880 | Lair:2   | Killed a death yak
  8880 | Lair:2   | Reached *** piety under Okawaru
  8883 | Lair:2   | HP: 24/99 [death yak (38)]
  8884 | Lair:2   | 8884 ||| READING 3 scrolls of teleportation.
  8885 | Lair:2   | 8885 ||| DRINKING potion of heal wounds.
  8885 | Lair:2   | Slain by a death yak

Levels and vault maps discovered:
D:1:      dpeg_arrival_boxorama, layout_basic,
          shapermc_ecumenical_altar_mp_vishouse
D:2:      layout_basic, wander_ebering_terrifying_dragon_lair
D:3:      layout_basic, serial_shops, nicolae_shop_gibbet_a_chance
D:4:      layout_basic, grunt_temple_overflow_holy_war, portal_sewer_entry_c,
          solitary_fountain, hangedman_decor_opposing, uniq_duvessa
D:5:      minmay_octagon_keep, layout_loops_ring, minmay_temple_entry_slanted,
          nicolae_shop_distant_corner_stores
D:6:      layout_basic, mainiacjoe_overflow_tiny_flanked, minmay_ruined_shrine,
          uniq_crazy_yiuf_cottage, uniq_prince_ribbit1, uniq_edmund
D:7:      layout_cave_pools, general_overflow_altar, grunt_dithmenos_shadows,
          mainiacjoe_overflow_six_doors_small, gammafunk_ghost_nasty_kobolds,
          nicolae_ossuary_entry_giza, roderic_roman_lattice,
          nicolae_shop_overcharged_wands
D:8:      layout_gridville, cheibrodos_ashenzari_chains, lair_entry_dummy
Temple:   corrupted_temple
Lair:1:   lemuel_reptile_caves, layout_chaotic_city
Lair:2:   layout_small_grid, swamp_mist

Skill      XL: |  1  2  3  4  5  6  7  8  9 10 11 |
---------------+----------------------------------+-----
Ranged Weapons | 5 6 7 8 9 11 12 14 15 | 15.9
Fighting       | 3 4 5 6 7 8 10 | 10.0
Armour         | 1 2 4 |  4.1
Dodging        | 3 4 5 6 |  6.4
Invocations    | 2 4 |  4.0
Stealth        | |  0.7

Action                     |  1- 3 |  4- 6 |  7- 9 | 10-12 || total
---------------------------+-------+-------+-------+-------++-------
   Fire: Shortbow          |   120 |   102 |       |       ||   222
         Longbow           |       |     2 |   247 |   230 ||   479
 Invoke: Heroism           |       |       |     3 |    14 ||    17
    Use: Scroll            |     2 |    13 |     3 |     9 ||    27
         Potion            |     1 |       |     2 |     2 ||     5
 Armour: Leather armour    |     3 |       |       |       ||     3
         Ring mail         |     3 |    22 |    32 |    31 ||    88
  Dodge: Dodged            |    33 |    28 |    76 |    70 ||   207

Table legend:
 A = Non-vault XP
 B = Vault XP
 C = Vault XP percentage of total XP
 D = Non-vault monster count
 E = Vault monster count
 F = Vault count percentage of total count
                 A         B        C        D         E       F
            +---------+---------+-------+---------+---------+-------
      Total |   10772 |    4967 |  31.6 |     187 |      95 |  33.7
            +---------+---------+-------+---------+---------+-------
        D:1 |      39 |       0 |   0.0 |      23 |       0 |   0.0
        D:2 |      60 |       1 |   1.6 |      19 |       1 |   5.0
        D:3 |      63 |       0 |   0.0 |      15 |       0 |   0.0
        D:4 |     714 |     238 |  25.0 |      17 |       9 |  34.6
        D:5 |     566 |     927 |  62.1 |      21 |      12 |  36.4
        D:6 |     970 |     540 |  35.8 |      30 |       6 |  16.7
        D:7 |    1542 |     129 |   7.7 |      23 |       4 |  14.8
        D:8 |     957 |       0 |   0.0 |      16 |       0 |   0.0
     Lair:1 |    3850 |    2552 |  39.9 |      19 |      35 |  64.8
     Lair:2 |    2011 |       0 |   0.0 |       4 |       0 |   0.0
      Sewer |       0 |     580 | 100.0 |       0 |      28 | 100.0
            +---------+---------+-------+---------+---------+-------
